 Dungeon Crawl Stone Soup version 0.29.0-4-gdea44cf6ec (webtiles) character file.

Game seed: 8987262747054274507

28 qw the Sneak (level 3, -2/28 HPs)
             Began as a Ghoul Enchanter on Sept 4, 2022.
             Killed from afar by Sigmund (7 damage)
             ... with a puff of flame
             ... on level 2 of the Dungeon.
             The game lasted 00:00:40 (2539 turns).

qw the Sneak (Ghoul Enchanter)                      Turns: 2539, Time: 00:00:40

Health: -2/28      AC:  6    Str: 13    XL:     3   Next: 14%
Magic:  4/4        EV: 10    Int: 10    God:
Gold:   114        SH:  0    Dex:  9    Spells: 5/5 levels left

rFire   . . .      SeeInvis .     - Unarmed
rCold   + . .      Faith    .   (no shield)
rNeg    + + +      Spirit   .   h - +0 ring mail
rPois   inf        Reflect  .   (no helmet)
rElec   .          Harm     .   (no cloak)
rCorr   .          Rampage  .   (no gloves)
Will    .....                   g - +0 pair of boots
Stlth   +.........              (no amulet)
HPRegen 0.00/turn               (no ring)
MPRegen 0.09/turn               (no ring)

@: inhibited regen
A: claws 1, cold resistance 1, negative energy resistance 3, inhibited
regeneration, torment resistance 2, devour on kill
a: no special abilities


You were on level 2 of the Dungeon.
You visited 1 branch of the dungeon, and saw 2 of its levels.

You collected 114 gold pieces.


Innate Abilities, Weirdness & Mutations

You are immune to poison.
You have sharp fingernails.
Your flesh is cold resistant. (rC+)
You are immune to negative energy. (rN+++)
You do not regenerate when monsters are visible.
You are immune to unholy pain and torment.
You thrive by killing the living.


   Skills:
 - Level 1.2 Fighting
 - Level 0.8 Short Blades
 - Level 1.7 Dodging
 - Level 3.2 Stealth
 + Level 2.5 Unarmed Combat
 - Level 1.7 Spellcasting
 - Level 2.4 Hexes


You had 5 spell levels left.
You didn't know any spells.
Your spell library contained the following spells:

 Spells                   Type           Power      Damage    Failure   Level
 Ensorcelled Hibernation  Hex/Ice        6%         N/A       54%         2
 Confusing Touch          Hex            5%         N/A       61%         3
 Tukima's Dance           Hex            5%         N/A       61%         3
 Dazzling Flash           Conj/Hex       6%         N/A       78%         3

Inventory:

Armour
 g - a +0 pair of boots (worn)
 h - a +0 ring mail (worn)
Potions
 d - a potion of flight {unknown}
 i - a potion of resistance {unknown}

Dungeon Overview and Level Annotations

Branches:
Dungeon (2/15)

Altars:

Annotations:
D:2 Sigmund


Message History

Done exploring.
(D) Dungeon
Where to? (* - list waypoints, Enter - D:2, ? - help)
What level of the Dungeon? (default 1, ? - help)
You climb downwards.
Level annotation: Sigmund
There is a stone staircase leading up here.
Sigmund is nearby!
Sigmund points at you and mumbles some strange words.
You are confused.
Sigmund zaps a wand.
The puff of flame misses you. Sigmund closely misses you.
Sigmund hits you with a +0 scythe of flaming.
Sigmund burns you.
You see here a ring of magical power.
Sigmund attacks as you move away!
Sigmund hits you with a +0 scythe of flaming.
Sigmund burns you.
Found an escape hatch in the floor.
Sigmund casts a spell at you. The puff of flame hits you.
Sigmund gestures wildly while chanting.
Sigmund flickers and vanishes!
Deactivating autopickup; reactivate with Ctrl-A.
You're too confused to attack without stumbling around!
There is a strange disturbance nearby!
You feel less confused. Something hits you but does no damage.
You closely miss something. You closely miss something. Something hits you.
Something burns you.
You closely miss something. You miss something.
You hear a zap.
A puff of flame appears from out of thin air!
The puff of flame misses you.
You miss something.
You hear a zap.
A puff of flame appears from out of thin air!
The puff of flame hits you!
You die...

### ..###
##...##
##..8..##
#....%..#
#...<...#
#....[..#
##8.@.8#####
#..={.......
#.#..#######
#.#.## #.#..
#.###. #. >.
#. .. #. .#.


There were no monsters in sight!

Vanquished Creatures
  A dart slug (D:1)
  2 ball pythons
  An endoplasm (D:1)
  A giant cockroach (D:1)
  A goblin (D:1)
  3 hobgoblins (D:1)
  2 jackals (D:1)
  4 kobolds (D:1)
  3 quokkas (D:1)
  A bat (D:1)
  2 frilled lizards (D:1)
  2 rats (D:1)
23 creatures vanquished.

Notes
Turn   | Place    | Note
-------+----------+-------------------------------------------
     0 | D:1      | qw the Ghoul Enchanter began the quest for the Orb.
     0 | D:1      | Reached XP level 1. HP: 14/14 MP: 2/2
     0 | D:1      | 0 ||| qw: Version: 0.1-a-103-gd6f5d3a
     0 | D:1      | 0 ||| qw: Game counter: 5619
     0 | D:1      | 0 ||| qw: Always use a shield: true
     0 | D:1      | 0 ||| qw: God list: Okawaru
     0 | D:1      | 0 ||| qw: Allow faded altars: false
     0 | D:1      | 0 ||| qw: Do Orc after D:15 true
     0 | D:1      | 0 ||| qw: Do second Lair branch before Depths: true
     0 | D:1      | 0 ||| qw: Lair rune preference: random
     0 | D:1      | 0 ||| qw: Plans: Normal
     0 | D:1      | 0 ||| PLANNING D:1-11
     1 | D:1      | 1 ||| DROPPING +1 dagger.
    77 | D:1      | Reached skill level 1 in Unarmed Combat
   137 | D:1      | 137 ||| Stepping ~*~*~tactically~*~*~ (hiding).
   275 | D:1      | Reached skill level 1 in Fighting
   275 | D:1      | Reached XP level 2. HP: 13/23 MP: 3/3
   490 | D:1      | 490 ||| Stepping ~*~*~tactically~*~*~ (stealth).
   492 | D:1      | 492 ||| Stepping ~*~*~tactically~*~*~ (stealth).
   497 | D:1      | 497 ||| Stepping ~*~*~tactically~*~*~ (stealth).
   535 | D:1      | Found a faded altar of an unknown god.
   887 | D:1      | 887 ||| Stepping ~*~*~tactically~*~*~ (hiding).
   989 | D:1      | 989 ||| Stepping ~*~*~tactically~*~*~ (hiding).
  1091 | D:1      | 1091 ||| Stepping ~*~*~tactically~*~*~ (hiding).
  1193 | D:1      | 1193 ||| Stepping ~*~*~tactically~*~*~ (hiding).
  1295 | D:1      | 1295 ||| Stepping ~*~*~tactically~*~*~ (hiding).
  1397 | D:1      | 1397 ||| Stepping ~*~*~tactically~*~*~ (hiding).
  1499 | D:1      | 1499 ||| Stepping ~*~*~tactically~*~*~ (hiding).
  1601 | D:1      | 1601 ||| Stepping ~*~*~tactically~*~*~ (hiding).
  1703 | D:1      | 1703 ||| Stepping ~*~*~tactically~*~*~ (hiding).
  1805 | D:1      | 1805 ||| Stepping ~*~*~tactically~*~*~ (hiding).
  1907 | D:1      | 1907 ||| Stepping ~*~*~tactically~*~*~ (hiding).
  1926 | D:1      | 1926 ||| UPGRADING to +0 leather armour.
  1936 | D:1      | 1936 ||| DROPPING +0 robe.
  1937 | D:1      | 1937 ||| UPGRADING to +0 pair of boots.
  1942 | D:1      | 1942 ||| UPGRADING to +0 ring mail.
  1952 | D:1      | 1952 ||| DROPPING +0 leather armour.
  1953 | D:1      | 1953 ||| DROPPING amulet of faith.
  1954 | D:1      | 1954 ||| READING scroll labelled BUFEJU DIMN.
  1957 | D:1      | 1957 ||| DROPPING 2 potions of invisibility.
  1971 | D:2      | Noticed Sigmund
  1972 | D:2      | 1972 ||| STAIRDANCE
  1979 | D:1      | Reached XP level 3. HP: 22/28 MP: 4/4
  2047 | D:2      | 2047 ||| STAIRDANCE
  2049 | D:1      | 2049 ||| Stepping ~*~*~tactically~*~*~ (outnumbered).
  2212 | D:2      | 2212 ||| STAIRDANCE
  2368 | D:2      | 2368 ||| STAIRDANCE
  2448 | D:2      | 2448 ||| STAIRDANCE
  2536 | D:2      | HP: 6/28 [something (3)]
  2539 | D:2      | Killed from afar by Sigmund

Levels and vault maps discovered:
D:1:      dpeg_arrival_ternary, layout_rooms,
          shapermc_ecumenical_altar_starsandcircs
D:2:      layout_basic, grunt_ministairs_1, uniq_natasha, uniq_sigmund

Skill      XL: |  1  2 |
---------------+-------+-----
Unarmed Combat | 1 2 |  2.5
Fighting       | 1 |  1.2
Short Blades   | |  0.8
Dodging        | |  1.7
Stealth        | |  3.2
Spellcasting   | |  1.7
Hexes          | |  2.4

Action                   || total
-------------------------++-------
Melee: Unarmed           ||    80
       Punch             ||     1
  Use: Scroll            ||     1
Armor: Robe              ||    12
       Ring mail         ||    11
Dodge: Dodged            ||    56

Table legend:
 A = Non-vault XP
 B = Vault XP
 C = Vault XP percentage of total XP
 D = Non-vault monster count
 E = Vault monster count
 F = Vault count percentage of total count
                 A         B        C        D         E       F
            +---------+---------+-------+---------+---------+-------
      Total |      38 |       3 |   7.3 |      21 |       2 |   8.7
            +---------+---------+-------+---------+---------+-------
        D:1 |      38 |       1 |   2.6 |      21 |       1 |   4.5
        D:2 |       0 |       2 | 100.0 |       0 |       1 | 100.0
            +---------+---------+-------+---------+---------+-------
